 Dungeon Crawl Stone Soup version 0.32-a0-576-g706899e69d (webtiles) character file.

Game seed: 16023814611609358303

73 BeKind the Shield-Bearer (level 4, -2/31 HPs)
             Began as an Octopode Fighter on Mar 2, 2024.
             Slain by Crazy Yiuf
             ... wielding a +4 quarterstaff of chaos
              (13 damage)
             ... on level 2 of the Dungeon.
             The game lasted 00:02:13 (1966 turns).

BeKind the Shield-Bearer (Octopode Fighter)         Turns: 1966, Time: 00:02:13

Health: -2/31      AC:  1    Str: 15    XL:     4   Next: 27%
Magic:  3/4        EV: 13    Int: 10    God:
Gold:   122        SH:  5    Dex: 13    Spells: 3/3 levels left

rFire   . . .        a - +0 trident
rCold   . . .        b - +0 buckler
rNeg    . . .        (helmet restricted)
rPois   .            (no amulet)
rElec   .            (no ring)
rCorr   .            (no ring)
SInv    .            (no ring)
Will    .....        (no ring)
Stlth   ++           (no ring)
HPRegen 0.25/turn    (no ring)
MPRegen 0.09/turn    (no ring)
                     (no ring)

%: no passive effects
@: mighty
A: almost no armour, amphibious, 8 rings, camouflage 1, gelatinous body 1,
(nimble swimmer 1), tentacles
a: no special abilities


You were on level 2 of the Dungeon.
You visited 1 branch of the dungeon, and saw 2 of its levels.

You collected 122 gold pieces.

Inventory:

Hand Weapons
 a - a +0 trident (weapon)
Armour
 b - a +0 buckler (worn)
Jewellery
 h - a ring of resist corrosion
Scrolls
 e - 2 scrolls of identify {unknown}
 f - a scroll of teleportation {unknown}
 k - a scroll of silence {unknown}
Potions
 d - 4 potions of curing
 g - a potion of magic {unknown}
 i - a potion of enlightenment {unknown}
 j - a potion of resistance {unknown}


   Skills:
 + Level 3.5 Fighting
 + Level 2.8 Polearms
 + Level 3.5 Dodging
 + Level 3.5 Shields


You had 3 spell levels left.
You didn't know any spells.
Your spell library was empty.

Dungeon Overview and Level Annotations

Branches:
Dungeon (2/15)

Altars:

Shops:
D:2 =?[[?

Annotations:
D:2 Crazy Yiuf


Innate Abilities, Weirdness & Mutations

You cannot wear most types of armour.
You are amphibious.
You can wear up to eight rings at the same time.
Your skin changes colour to match your surroundings (Stealth+).
Your rubbery body absorbs attacks. (AC +1, EV +1)
((You are camouflaged when in or above water. (Stealth+)))
You have tentacles for arms and can constrict up to eight enemies at once.


Message History

There is an open door here.
There is an entrance to Voklod's Armour Boutique here.
There is an open door here.
You see here a +0 whip.
No reachable target in view!
Could not explore, unopened runed door.
You open the door.
Crazy Yiuf shouts!
Crazy Yiuf cries, "Announcement high sizzlefizz!"
There is an open translucent door here.
You closely miss Crazy Yiuf. Your grab misses Crazy Yiuf.
Crazy Yiuf hits you with a +4 quarterstaff of chaos!
Crazy Yiuf burns you.
You are too injured to fight recklessly!
You are too injured to fight recklessly!
You are too injured to fight recklessly!
You are too injured to fight recklessly!
You are too injured to fight recklessly!
You are too injured to fight recklessly!
You are too injured to fight recklessly!
You are too injured to fight recklessly!
You are too injured to fight recklessly!
You are too injured to fight recklessly!
You are too injured to fight recklessly!
You are too injured to fight recklessly!
You are too injured to fight recklessly!
You are too injured to fight recklessly!
You are too injured to fight recklessly!
You are too injured to fight recklessly!
You are too injured to fight recklessly!
You are too injured to fight recklessly!
You feel very mighty all of a sudden.
Crazy Yiuf yells, "Goober meccalolo ladder!"
Crazy Yiuf hits you with a +4 quarterstaff of chaos.
You feel your power leaking away.
You hit Crazy Yiuf. Your grab misses Crazy Yiuf.
Your squeeze misses Crazy Yiuf.
Crazy Yiuf is lightly wounded.
Crazy Yiuf hits you with a +4 quarterstaff of chaos!
You die...

.....#.##....#
#.#..####..###..#
#...##.##....#
#.#.............#
##.###.##..###
######.....###.##
.......##..#
#####.##..#
...#...##..#
##### #####.##.##
..###..#####
#*.)# #...#.##.#
.#.#.#.# #...#
###.#.##.###
...#...# #.g.#
#.#.........
...#...# #@#
#.....##.###
...#...# ##.#
#.##.###.#
...#...# ### #.##
#.##..##.#
.......###.# ##.#
#.###'##.#
...........# #.##
#...'∩+..#
############
##.## #####'#.##
#...## #...#
#....# ##.###
##..## ###).#


You could see a boulder and Crazy Yiuf.

Vanquished Creatures
  An adder (D:2)
  2 dart slugs
  4 orcs (D:2)
  5 ball pythons
  A bat (D:2)
  3 endoplasms (D:2)
  3 giant cockroaches
  4 goblins
  4 hobgoblins
  4 jackals (D:2)
  3 quokkas
  7 kobolds
  7 rats
48 creatures vanquished.

Notes
Turn   | Place    | Note
-------+----------+-------------------------------------------
     0 | D:1      | BeKind the Octopode Fighter began the quest for the Orb.
     0 | D:1      | Reached XP level 1. HP: 16/16 MP: 1/1
   129 | D:1      | Reached XP level 2. HP: 19/21 MP: 2/2
   686 | D:2      | Found Adowk's Magic Scroll Shop.
   714 | D:2      | Reached XP level 3. HP: 14/26 MP: 3/3
   953 | D:2      | Found Jifasch's Jewellery Emporium.
  1010 | D:2      | Found Kufiw's Magic Scroll Shoppe.
  1047 | D:2      | Found a transporter.
  1049 | D:2      | Found Dyweak's Armour Shoppe.
  1052 | D:2      | Found a transporter.
  1058 | D:2      | Reached XP level 4. HP: 31/31 MP: 4/4
  1760 | D:2      | Found Voklod's Armour Boutique.
  1785 | D:2      | Found a runed translucent door.
  1786 | D:2      | Noticed Crazy Yiuf
  1966 | D:2      | Slain by Crazy Yiuf

Illustrated notes

Levels and vault maps discovered:
D:1:      dpeg_arrival_fog, layout_basic
D:2:      wander_river, layout_loops_ring, serial_shops,
          nicolae_shop_behind_doors, shop, nicolae_shop_advertising_works
          [nicolae_subvault_shop_adworks], nicolae_shop_drivethru, shop,
          guppyfry_early_orc_mine, uniq_crazy_yiuf_cottage

Action                     |  1- 3 |  4- 6 || total
---------------------------+-------+-------++-------
  Melee: Trident           |    69 |    14 ||    83
         Constrict         |    13 |     2 ||    15
         Tentacles         |     7 |       ||     7
    Use: Potion            |       |     4 ||     4
   Stab: Sleeping          |     5 |       ||     5
 Armour: Skin              |    15 |    14 ||    29
  Dodge: Dodged            |    20 |     7 ||    27
  Block: Buckler           |     7 |     6 ||    13

Table legend: (Time is in decaauts)
 A = Elapsed time spent in this place.
 B = Non-inter-level travel time spent in this place.
 C = Inter-level travel time spent in this place.
 D = Time resting spent in this place.
 E = Time spent auto-exploring this place.
 F = Levels seen in this place.
 G = Mean time per level.
                   A        B        C        D        E       F      G
               +--------+--------+--------+--------+--------+-----+--------+
         Total |   1967 |   1886 |     81 |    404 |   1225 |   2 |  983.5 |
       Dungeon |   1967 |   1886 |     81 |    404 |   1225 |   2 |  983.5 |
               +--------+--------+--------+--------+--------+-----+--------+

Top non-repeatable levels by time:
     D:2: 1290 daAuts
     D:1: 677 daAuts
